 Dungeon Crawl Stone Soup version 0.31-a0-149-g3fdcc5976a (webtiles) character file.

Game seed: 16001146922185005231

32 jlumianski the Ducker (level 3, -4/25 HPs)
             Began as a Djinni Fire Elementalist on June 8, 2023.
             Killed from afar by an orc wizard (10 damage)
             ... with a magic dart
             ... on level 3 of the Dungeon.
             The game lasted 00:05:20 (938 turns).

jlumianski the Ducker (Djinni Fire Elementalist)     Turns: 938, Time: 00:05:20

Health: -4/25      AC:  2    Str:  7    XL:     3   Next: 42%
Gold:   65         EV: 13    Int: 18    God:
                   SH:  0    Dex: 13

rFire   + + .        i - +0 short sword
rCold   x . .        (no shield)
rNeg    . . .        a - +0 robe
rPois   ∞            (no helmet)
rElec   .            (no cloak)
rCorr   .            (no gloves)
SInv    .            (boots unavailable)
Will    .....        (no amulet)
Stlth   ++           (no ring)
HPRegen 0.24/turn    (no ring)
MPRegen 0.00/turn

%: infuse magic (-5 HP)
@: flying
A: sickness immunity, fire resistance 2, cold vulnerability 1, float, innate
caster, HP casting, extra vitality 1
a: no special abilities


You were on level 3 of the Dungeon.
You visited 1 branch of the dungeon, and saw 3 of its levels.

You collected 65 gold pieces.

Inventory:

Hand Weapons
 i - a +0 short sword (weapon)
Missiles
 k - 6 atropa-tipped darts
 l - 4 poisoned darts
Armour
 a - a +0 robe (worn)
Scrolls
 b - a scroll of poison {unknown}
 c - a scroll of vulnerability {unknown}
 d - 3 scrolls of teleportation
 e - a scroll of immolation {unknown}
 f - a scroll of magic mapping {unknown}
 j - a scroll of identify {unknown}
 m - a scroll of butterflies {unknown}
 n - 2 scrolls of silence {unknown}
Potions
 g - a potion of magic {unknown}
 h - a potion of curing {unknown}


   Skills:
 + Level 3.1 Dodging
 + Level 2.3 Stealth
 * Level 3.0 Spellcasting
 * Level 3.0 Conjurations
 * Level 3.0 Hexes
 * Level 3.0 Summonings
 * Level 3.0 Necromancy
 * Level 3.0 Translocations
 * Level 3.0 Transmutations
 * Level 3.0 Fire Magic
 * Level 3.0 Ice Magic
 * Level 3.0 Air Magic
 * Level 3.0 Earth Magic
 * Level 3.0 Poison Magic


You knew the following spells:

 Your Spells              Type           Power      Damage    Failure   Level
a - Foxfire               Conj/Fire      52%        2x1d6     4%          1
b - Scorch                Fire           26%        2d6       7%          2
c - Volatile Blastmotes   Fire/Tloc      26%        2d12      14%         3
d - Inner Flame           Hex/Fire       13%        N/A       14%         3
e - Flame Wave            Conj/Fire      13%        2d6       43%         4
f - Freeze                Ice            52%        1d6       4%          1
Your spell library was empty.

Dungeon Overview and Level Annotations

Branches:
Dungeon (3/15)

Altars:

Shops:
D:1 *


Innate Abilities, Weirdness & Mutations

You are immune to sickness and miasma.
You are immune to poison.
Your flesh is very heat resistant. (rF++)
You are vulnerable to cold. (rC-)
You float through the air rather than walking.
You learn spells naturally, not from books.
Your magical power is your life essence.
You have superior vitality. (+4 MHP)


Message History

d - 3 scrolls of teleportation (gained 1)
Casting: Foxfire (safe; 4% risk of failure)
Confirm with . or Enter, or press ? or * to list all spells.
You conjure some foxfire!
The orc hits you but does no damage.
You hit the orc but do no damage.
The foxfire hits the orc.
The orc is almost dead.
The orc hits you but does no damage.
Casting: Foxfire (safe; 4% risk of failure)
Confirm with . or Enter, or press ? or * to list all spells.
Flames lash the orc.
You kill the orc!
Casting: Scorch (safe; 7% risk of failure)
Confirm with . or Enter, or press ? or * to list all spells.
Flames lash the orc wizard.
The orc wizard is heavily wounded.
The orc wizard's fire resistance burns away.
The kobold hits you with a +0 short sword.
The orc wizard mumbles some strange words.
The orc wizard flickers and vanishes!
Deactivating autopickup; reactivate with Ctrl-A.
Casting: Scorch (safe; 7% risk of failure)
Confirm with . or Enter, or press ? or * to list all spells.
Flames lash the kobold.
You kill the kobold!
Casting: Scorch (safe; 7% risk of failure)
Confirm with . or Enter, or press ? or * to list all spells.
Flames lash the orc.
The orc is moderately wounded.
The orc's fire resistance burns away.
The orc wizard hits you with a +2 dagger of venom.
Casting: Scorch (safe; 7% risk of failure)
Confirm with . or Enter, or press ? or * to list all spells.
You conjure some foxfire!
The orc wizard hits you with a +2 dagger of venom.
* * * LOW HITPOINT WARNING * * *
Your foxfire dissipates!
The orc is no longer more vulnerable to fire.
A magic dart appears from out of thin air!
The magic dart hits you!
You die...

o## .§. ###
#.##### ###
..##.#.... ...§
#.#....#
..§..#.#....#
......§....w####
.o..§§.....{...#
..o..w##§§#o##@#
....§§....#)##.#
.##.#.....#.o..#
#.#.########## #
#. #


You could see a worm.

Vanquished Creatures
  A worm (D:2)
  A dart slug (D:1)
  An orc (D:3)
  2 bats
  2 endoplasms
  A giant cockroach (D:1)
  A goblin (D:2)
  5 hobgoblins
  3 ball pythons
  5 frilled lizards
  3 kobolds
25 creatures vanquished.

Vanquished Creatures (others)
  43 foxfires
43 creatures vanquished.

Grand Total: 68 creatures vanquished

Notes
Turn   | Place    | Note
-------+----------+-------------------------------------------
     0 | D:1      | jlumianski the Djinni Fire Elementalist began the quest for
                  | the Orb.
     0 | D:1      | jlumianski set off with the following spells memorised:
                  | Foxfire, Scorch, Volatile Blastmotes, Inner Flame, Flame
                  | Wave.
     0 | D:1      | Reached XP level 1. HP: 15/15 MP: 0/0
    61 | D:1      | Found Kaokadgh's General Store.
   216 | D:1      | Reached XP level 2. HP: 20/21 MP: 0/0
   796 | D:2      | Reached XP level 3. HP: 24/25 MP: 0/0
   796 | D:2      | Learned a level 1 spell: Freeze
   938 | D:3      | Killed from afar by an orc wizard

Illustrated notes

Levels and vault maps discovered:
D:1:      psy_arrival_radial02, layout_loops_ring, serial_shops,
          nicolae_shop_competitors_out_of_business
D:2:      layout_loops_ring
D:3:      layout_basic, amcnicky_altar_gilded, serial_shops, shop

Skill      XL: |  1  2  3 |
---------------+----------+-----
Spellcasting   | |  3.0
Conjurations   | |  3.0
Hexes          | |  3.0
Summonings     | |  3.0
Necromancy     | |  3.0
Translocations | |  3.0
Transmutations | |  3.0
Fire Magic     | |  3.0
Ice Magic      | |  3.0
Air Magic      | |  3.0
Earth Magic    | |  3.0
Poison Magic   | |  3.0
Stealth        | 2 |  2.3
Dodging        | 3 |  3.1

Action                     || total
---------------------------++-------
  Melee: Short sword       ||     5
         Unarmed           ||     1
   Cast: Foxfire           ||    26
         Scorch            ||     5
    Use: Scroll            ||     1
   Stab: Sleeping          ||     1
 Armour: Robe              ||     8
  Dodge: Dodged            ||     8

Table legend: (Time is in decaauts)
 A = Elapsed time spent in this place.
 B = Non-inter-level travel time spent in this place.
 C = Inter-level travel time spent in this place.
 D = Time resting spent in this place.
 E = Time spent auto-exploring this place.
 F = Levels seen in this place.
 G = Mean time per level.
                   A        B        C        D        E       F      G
               +--------+--------+--------+--------+--------+-----+--------+
         Total |    938 |    840 |     98 |      0 |    504 |   3 |  312.7 |
       Dungeon |    938 |    840 |     98 |      0 |    504 |   3 |  312.7 |
               +--------+--------+--------+--------+--------+-----+--------+

Top non-repeatable levels by time:
     D:1: 731 daAuts
     D:2: 185 daAuts
     D:3: 22 daAuts
